TOP OF THE 1ST |
Seattle Mariners batting - Pitching for Detroit Tigers : RHP Mike Clevinger
|
Pitching: RHP Mike Clevinger
|
|
Batting: LHB Ben Revere
|
0-0: Called Strike 0-1: Ground out 4-3 (Groundball, 4, EV 84.4 MPH)
|
Batting: LHB Brandon Nimmo
|
0-0: Ball 1-0: Foul Ball, location: 2F 1-1: Bunt - Flyout to 23! F3
|
Batting: RHB Manny Machado
|
0-0: Called Strike 0-1: Ball 1-1: Called Strike 1-2: Foul Ball, location: 2F 1-2: Ball 2-2: Ball 3-2: Base on Balls
|
Batting: RHB Brian Dozier
|
0-0: Called Strike 0-1: Ball 1-1: Fly out, F8 (Flyball, 8RD, EV 96.3 MPH)
|
Top of the 1st over - 0 runs, 0 hits, 0 errors, 1 left on base; Seattle 0 - Detroit 0 |
BOTTOM OF THE 1ST |
Detroit Tigers batting - Pitching for Seattle Mariners : RHP Jose Berrios
|
Pitching: RHP Jose Berrios
|
|
Batting: RHB Jean Segura
|
0-0: Called Strike 0-1: Ball 1-1: Ball 2-1: Called Strike 2-2: Foul Ball, location: 2F 2-2: Ball 3-2: Ground out 5-3 (Groundball, 56S, EV 65.0 MPH)
|
Batting: RHB Starling Marte
|
0-0: Called Strike 0-1: Called Strike 0-2: Foul Ball, location: 2F 0-2: Ground out 5-3 (Groundball, 56S, EV 90.6 MPH)
|
Batting: RHB Khris Davis
|
0-0: Ball 1-0: Foul Ball, location: 2F 1-1: Foul Ball, location: 2F 1-2: Strikes out swinging
|
Bottom of the 1st over - 0 runs, 0 hits, 0 errors, 0 left on base; Seattle 0 - Detroit 0 |
TOP OF THE 2ND |
Seattle Mariners batting - Pitching for Detroit Tigers : RHP Mike Clevinger
|
Batting: RHB Willians Astudillo
|
0-0: Ball 1-0: Called Strike 1-1: Ball 2-1: Foul Ball, location: 2F 2-2: Foul Ball, location: 2F 2-2: Foul Ball, location: 2F 2-2: Foul Ball, location: 2F 2-2: Fly out, F8 (Flyball, 8RD, EV 101.3 MPH)
|
Batting: RHB Matt Kemp
|
0-0: Fly out, F8 (Flyball, 8LD, EV 99.4 MPH)
|
Batting: LHB Rowdy Tellez
|
0-0: Ball 1-0: Ground out 6-3 (Groundball, 6M, EV 84.4 MPH)
|
Top of the 2nd over - 0 runs, 0 hits, 0 errors, 0 left on base; Seattle 0 - Detroit 0 |
BOTTOM OF THE 2ND |
Detroit Tigers batting - Pitching for Seattle Mariners : RHP Jose Berrios
|
Batting: RHB George Springer
|
0-0: Called Strike 0-1: Ball 1-1: Called Strike 1-2: SINGLE (Line Drive, 8LS, EV 91.9 MPH)
|
Batting: SHB Kendrys Morales
|
0-0: Called Strike 0-1: Fly out, F5 (Popup, 56, EV 78.1 MPH)
|
Batting: RHB J.T. Realmuto
|
0-0: Ball 1-0: Called Strike 1-1: Ball 2-1: Fly out, F9 (Flyball, 9LM, EV 100.6 MPH)
|
Batting: LHB Kolten Wong
|
0-0: Ball 1-0: Ball 2-0: Called Strike 2-1: Ball 3-1: Foul Ball, location: 2F 3-2: Foul Ball, location: 2F 3-2: Foul Ball, location: 2F 3-2: Base on Balls George Springer to second
|
Batting: RHB J.D. Davis
|
0-0: Ball 1-0: Called Strike 1-1: Foul Ball, location: 2F 1-2: DOUBLE (Line Drive, 9LS, EV 100.0 MPH) George Springer scores Kolten Wong to third Runner from 3rd tries for Home, SAFE, no throw by RF
|
Batting: SHB Roman Quinn
|
0-0: Ball 1-0: Called Strike 1-1: Foul Ball, location: 2F 1-2: Strikes out swinging
|
Bottom of the 2nd over - 2 runs, 2 hits, 0 errors, 1 left on base; Seattle 0 - Detroit 2 |
TOP OF THE 3RD |
Seattle Mariners batting - Pitching for Detroit Tigers : RHP Mike Clevinger
|
Batting: SHB Anthony Santander
|
0-0: Called Strike 0-1: Called Strike 0-2: Ball 1-2: Foul Ball, location: 2F 1-2: Ball 2-2: Strikes out swinging
|
Batting: LHB Eric Sogard
|
0-0: Ball 1-0: Ground out 1-3 (Groundball, P, EV 85.6 MPH)
|
Batting: LHB Ben Revere
|
0-0: Called Strike 0-1: Called Strike 0-2: Foul Ball, location: 2F 0-2: Foul Ball, location: 2F 0-2: Strikes out swinging
|
Top of the 3rd over - 0 runs, 0 hits, 0 errors, 0 left on base; Seattle 0 - Detroit 2 |
BOTTOM OF THE 3RD |
Detroit Tigers batting - Pitching for Seattle Mariners : RHP Jose Berrios
|
Batting: RHB Jean Segura
|
0-0: Foul Ball, location: 2F 0-1: Ball 1-1: Called Strike 1-2: Foul Ball, location: 2F 1-2: SINGLE (Line Drive, 8LS, EV 95.6 MPH)
|
Batting: RHB Starling Marte
|
0-0: Fly out, F9 (Flyball, 9, EV 95.6 MPH)
|
Batting: RHB Khris Davis
|
0-0: Ball 1-0: Called Strike 1-1: 2-RUN HOME RUN (Flyball, 9LD, EV 99.4 MPH), Distance : 340 ft
|
Batting: RHB George Springer
|
0-0: Called Strike 0-1: Foul Ball, location: 2F 0-2: Ball 1-2: Ball 2-2: DOUBLE (Line Drive, 78XD, EV 99.4 MPH)
|
Batting: SHB Kendrys Morales
|
0-0: Ball 1-0: Swinging Strike 1-1: Ball 2-1: Foul Ball, location: 2F 2-2: Strikes out swinging
|
Batting: RHB J.T. Realmuto
|
0-0: Foul Ball, location: 2F 0-1: Foul Ball, location: 2F 0-2: Ball 1-2: Ball 2-2: Strikes out swinging
|
Bottom of the 3rd over - 2 runs, 3 hits, 0 errors, 1 left on base; Seattle 0 - Detroit 4 |
TOP OF THE 4TH |
Seattle Mariners batting - Pitching for Detroit Tigers : RHP Mike Clevinger
|
Batting: LHB Brandon Nimmo
|
0-0: Reached on error, E5 (Groundball, 5, EV 85.6 MPH)
|
Batting: RHB Manny Machado
|
0-0: Ball 1-0: Foul Ball, location: 2F 1-1: SINGLE (Groundball, 56D, EV 97.5 MPH) Brandon Nimmo to third
|
Batting: RHB Brian Dozier
|
0-0: Called Strike 0-1: Called Strike 0-2: Strikes out looking
|
Batting: RHB Willians Astudillo
|
0-0: Ball 1-0: Called Strike 1-1: Ball 2-1: Called Strike 2-2: Foul Ball, location: 2F 2-2: Grounds into double play, 4-6-3 (Groundball, 4, EV 82.5 MPH)
|
Top of the 4th over - 0 runs, 1 hit, 1 error, 1 left on base; Seattle 0 - Detroit 4 |
BOTTOM OF THE 4TH |
Detroit Tigers batting - Pitching for Seattle Mariners : RHP Jose Berrios
|
Batting: LHB Kolten Wong
|
0-0: Swinging Strike 0-1: Swinging Strike 0-2: Ball 1-2: Strikes out swinging
|
Batting: RHB J.D. Davis
|
0-0: Foul Ball, location: 2F 0-1: Swinging Strike 0-2: Ball 1-2: Ground out 6-3 (Groundball, 6S, EV 81.3 MPH)
|
Batting: SHB Roman Quinn
|
0-0: Ball 1-0: Fly out, F8 (Flyball, 8LS, EV 91.3 MPH)
|
Bottom of the 4th over - 0 runs, 0 hits, 0 errors, 0 left on base; Seattle 0 - Detroit 4 |
TOP OF THE 5TH |
Seattle Mariners batting - Pitching for Detroit Tigers : RHP Mike Clevinger
|
Batting: RHB Matt Kemp
|
0-0: Ball 1-0: Fly out, F8 (Line Drive, 8LM, EV 88.8 MPH)
|
Batting: LHB Rowdy Tellez
|
0-0: Called Strike 0-1: Ball 1-1: Called Strike 1-2: SINGLE (Groundball, 34D, EV 105.6 MPH)
|
Batting: SHB Anthony Santander
|
0-0: Called Strike 0-1: Swinging Strike 0-2: Ball 1-2: Foul Ball, location: 2F 1-2: SINGLE (Groundball, 34D, EV 96.9 MPH) Rowdy Tellez to second
|
Batting: LHB Eric Sogard
|
0-0: Ball 1-0: Ball 2-0: Ball 3-0: Called Strike 3-1: Fly out, F7 (Flyball, 7LM, EV 82.5 MPH)
|
Batting: LHB Ben Revere
|
0-0: Called Strike 0-1: Called Strike 0-2: Ball 1-2: Fly out, F7 (Flyball, 7LM, EV 96.3 MPH)
|
Top of the 5th over - 0 runs, 2 hits, 0 errors, 2 left on base; Seattle 0 - Detroit 4 |
BOTTOM OF THE 5TH |
Detroit Tigers batting - Pitching for Seattle Mariners : RHP Jose Berrios
|
Batting: RHB Jean Segura
|
0-0: Ground out 5-3 (Groundball, 5, EV 79.4 MPH)
|
Batting: RHB Starling Marte
|
0-0: Called Strike 0-1: Ball 1-1: Ball 2-1: Called Strike 2-2: Foul Ball, location: 2F 2-2: Foul Ball, location: 2F 2-2: Ball 3-2: Strikes out swinging
|
Batting: RHB Khris Davis
|
0-0: Called Strike 0-1: Ball 1-1: SOLO HOME RUN (Line Drive, 89XD, EV 96.9 MPH), Distance : 435 ft
|
Pitching: RHP Wily Peralta
|
|
Batting: RHB George Springer
|
0-0: Ball 1-0: SOLO HOME RUN (Flyball, 9D, EV 93.1 MPH), Distance : 382 ft
|
Batting: SHB Kendrys Morales
|
0-0: Called Strike 0-1: Called Strike 0-2: Foul Ball, location: 2F 0-2: Fly out, F9 (Line Drive, 9D, EV 90.0 MPH)
|
Bottom of the 5th over - 2 runs, 2 hits, 0 errors, 0 left on base; Seattle 0 - Detroit 6 |
TOP OF THE 6TH |
Seattle Mariners batting - Pitching for Detroit Tigers : RHP Mike Clevinger
|
Batting: LHB Brandon Nimmo
|
0-0: Foul Ball, location: 2F 0-1: Ground out 1-3 (Groundball, 13S, EV 66.3 MPH)
|
Batting: RHB Manny Machado
|
0-0: Ball 1-0: Ball 2-0: Called Strike 2-1: Ball 3-1: DOUBLE (Flyball, 78D, EV 95.0 MPH)
|
Batting: RHB Brian Dozier
|
0-0: Fly out, F7 (Flyball, 7LSF, EV 94.4 MPH)
|
Batting: RHB Willians Astudillo
|
0-0: Ball 1-0: Ball 2-0: Ground out 2-3 (Groundball, 15S, EV 69.4 MPH)
|
Top of the 6th over - 0 runs, 1 hit, 0 errors, 1 left on base; Seattle 0 - Detroit 6 |
BOTTOM OF THE 6TH |
Detroit Tigers batting - Pitching for Seattle Mariners : RHP Wily Peralta
|
Batting: RHB J.T. Realmuto
|
0-0: Fly out, F9 (Flyball, 9LS, EV 96.9 MPH)
|
Batting: LHB Kolten Wong
|
0-0: Called Strike 0-1: Ground out 5-3 (Groundball, 56S, EV 89.4 MPH)
|
Batting: RHB J.D. Davis
|
0-0: Called Strike 0-1: Ball 1-1: Ball 2-1: Swinging Strike 2-2: Ball 3-2: Foul Ball, location: 2F 3-2: Foul Ball, location: 2F 3-2: Strikes out swinging
|
Bottom of the 6th over - 0 runs, 0 hits, 0 errors, 0 left on base; Seattle 0 - Detroit 6 |
TOP OF THE 7TH |
Seattle Mariners batting - Pitching for Detroit Tigers : RHP Mike Clevinger
|
Batting: RHB Matt Kemp
|
0-0: Called Strike 0-1: Foul Ball, location: 2F 0-2: Strikes out swinging
|
Batting: LHB Rowdy Tellez
|
0-0: Foul Ball, location: 2F 0-1: SINGLE (Groundball, 34D, EV 107.5 MPH)
|
Batting: SHB Anthony Santander
|
0-0: Called Strike 0-1: Ball 1-1: Fly out, F8 (Line Drive, 8RM, EV 108.1 MPH)
|
Batting: LHB Eric Sogard
|
0-0: Foul Ball, location: 2F 0-1: Called Strike 0-2: Ground out U3 (Groundball, 3, EV 83.8 MPH)
|
Top of the 7th over - 0 runs, 1 hit, 0 errors, 1 left on base; Seattle 0 - Detroit 6 |
BOTTOM OF THE 7TH |
Detroit Tigers batting - Pitching for Seattle Mariners : RHP Wily Peralta
|
Batting: SHB Roman Quinn
|
0-0: Called Strike 0-1: Ball 1-1: Foul Ball, location: 2F 1-2: Ball 2-2: Strikes out swinging
|
Batting: RHB Jean Segura
|
0-0: Called Strike 0-1: Ball 1-1: Ball 2-1: Ground out 4-3 (Groundball, 4, EV 101.9 MPH)
|
Batting: RHB Starling Marte
|
0-0: Called Strike 0-1: Ball 1-1: Ball 2-1: Ball 3-1: Swinging Strike 3-2: Strikes out looking
|
Bottom of the 7th over - 0 runs, 0 hits, 0 errors, 0 left on base; Seattle 0 - Detroit 6 |
TOP OF THE 8TH |
Seattle Mariners batting - Pitching for Detroit Tigers : RHP Mike Clevinger
|
Batting: LHB Ben Revere
|
0-0: Ball 1-0: Foul Ball, location: 2F 1-1: Called Strike 1-2: Ground out U3 (Groundball, 3L, EV 86.3 MPH)
|
Batting: LHB Brandon Nimmo
|
0-0: Ball 1-0: Swinging Strike 1-1: Ball 2-1: Swinging Strike 2-2: Strikes out swinging
|
Batting: RHB Manny Machado
|
0-0: Called Strike 0-1: Called Strike 0-2: Ball 1-2: Foul Ball, location: 2F 1-2: Ball 2-2: Ball 3-2: Ground out 5-3 (Groundball, 56S, EV 80.6 MPH)
|
Top of the 8th over - 0 runs, 0 hits, 0 errors, 0 left on base; Seattle 0 - Detroit 6 |
BOTTOM OF THE 8TH |
Detroit Tigers batting - Pitching for Seattle Mariners : RHP Wily Peralta
|
Batting: RHB Khris Davis
|
0-0: Fly out, F9 (Flyball, 9S, EV 81.9 MPH)
|
Batting: RHB George Springer
|
0-0: Foul Ball, location: 2F 0-1: Foul Ball, location: 2F 0-2: Ball 1-2: Strikes out swinging
|
Batting: SHB Kendrys Morales
|
0-0: Swinging Strike 0-1: Ball 1-1: Foul Ball, location: 2F 1-2: Ball 2-2: Foul Ball, location: 2F 2-2: Ball 3-2: Foul Ball, location: 2F 3-2: Foul Ball, location: 2F 3-2: Foul Ball, location: 2F 3-2: SOLO HOME RUN (Flyball, 89XD, EV 109.4 MPH), Distance : 434 ft
|
Batting: RHB J.T. Realmuto
|
0-0: Ball 1-0: Foul Ball, location: 2F 1-1: Ball 2-1: Ball 3-1: Base on Balls
|
Batting: LHB Kolten Wong
|
0-0: Foul Ball, location: 2F 0-1: Ball 1-1: Ball 2-1: Called Strike 2-2: Ball 3-2: Foul Ball, location: 2F 3-2: Base on Balls J.T. Realmuto to second
|
Pitching: RHP Arquimedes Caminero
|
|
Batting: RHB J.D. Davis
|
0-0: Ball 1-0: Foul Ball, location: 2F 1-1: Fly out, F3 (Popup, 3SF, EV 76.3 MPH)
|
Bottom of the 8th over - 1 run, 1 hit, 0 errors, 2 left on base; Seattle 0 - Detroit 7 |
TOP OF THE 9TH |
Seattle Mariners batting - Pitching for Detroit Tigers : RHP Mike Clevinger
|
Batting: RHB Brian Dozier
|
0-0: Called Strike 0-1: Foul Ball, location: 2F 0-2: Strikes out swinging
|
Pitching: LHP Zack Britton
|
|
Batting: RHB Willians Astudillo
|
0-0: Called Strike 0-1: Foul Ball, location: 2F 0-2: Foul Ball, location: 2F 0-2: Strikes out swinging
|
Batting: RHB Matt Kemp
|
0-0: Ball 1-0: Swinging Strike 1-1: Foul Ball, location: 2F 1-2: SOLO HOME RUN (Flyball, 8RXD, EV 91.3 MPH), Distance : 437 ft
|
Batting: LHB Rowdy Tellez
|
0-0: Called Strike 0-1: Ball 1-1: Ball 2-1: Called Strike 2-2: Strikes out swinging
|
Top of the 9th over - 1 run, 1 hit, 0 errors, 0 left on base; Seattle 1 - Detroit 7 |
|